 Dungeon Crawl Stone Soup version 0.24-a0-375-g4de66ed42b (console) character file.

Game seed: 6544547504130571043

594 Lexodia the Ruffian (level 7, -3/67 HPs)
             Began as a Troll Fighter on May 31, 2019.
             Slain by an ogre
             ... wielding the +5 dire flail of Severance {drain, SInv}
              (19 damage)
             ... on level 3 of the Dungeon.
             The game lasted 00:07:20 (2769 turns).

Lexodia the Ruffian (Troll Fighter)                 Turns: 2769, Time: 00:07:20

Health: -3/67      AC:  8    Str: 23 (26) XL:     7   Next: 16%
Magic:  6/6        EV:  7    Int:  7 (8)  God:
Gold:   183        SH:  8    Dex:  5 (8)  Spells: 6/6 levels left

rFire    . . .     SeeInvis +     - Unarmed
rCold    . . .     Gourm    +   b - +0 shield
rNeg     . . .     Faith    .   s - +2 robe
rPois    +         Spirit   .   (helmet restricted)
rElec    .         Reflect  .   (no cloak)
rCorr    .         Harm     .   (gloves unavailable)
MR       .....     Rnd*Rage +   (boots unavailable)
Stlth    +.........             (no amulet)
HPRegen  0.61/turn              h - ring of see invisible
MPRegen  0.10/turn              r - +4 ring of intelligence

@: drained
A: large, unfitting armour, claws 3, berserk 1, blurry vision 1, clumsy 1, fast
metabolism 3, gourmand, poison resistance, regeneration 1, shaggy fur 1, tough
skin 3
a: no special abilities


You were on level 3 of the Dungeon.
You were completely stuffed.

You visited 1 branch of the dungeon, and saw 3 of its levels.

You collected 183 gold pieces.

Inventory:

Missiles
 n - 102 stones
 q - 23 poisoned darts (quivered)
Armour
 b - a +0 shield (worn)
 s - a +2 robe (worn)
Jewellery
 h - a ring of see invisible (left claw)
 r - a +4 ring of intelligence (right claw)
Wands
 j - a wand of random effects (25)
Scrolls
 a - a scroll of teleportation {unknown}
 f - 2 scrolls of identify {unknown}
 i - 2 scrolls of enchant weapon {unknown}
 k - a scroll of immolation {unknown}
 l - a scroll of noise {unknown}
 m - a scroll of remove curse {unknown}
 o - a scroll of amnesia {unknown}
 u - a scroll of enchant armour {unknown}
Potions
 c - a potion of might
 g - 2 potions of curing
Comestibles
 d - 6 rations


   Skills:
 + Level 3.1(2.0) Fighting
 + Level 0.2(0.0) Throwing
 + Level 3.3(2.2) Dodging
 + Level 1.3(0.3) Stealth
 + Level 3.3(2.2) Shields
 + Level 5.7(4.5) Unarmed Combat


You had 6 spell levels left.
You didn't know any spells.
Your spell library was empty.

Dungeon Overview and Level Annotations

Branches:
Dungeon (3/15)

Altars:
Kikubaaqudgha
Makhleb
Trog
Uskayaw

Annotations:
D:3 1 transporter, buki's ghost, amateur OgWz


Innate Abilities, Weirdness & Mutations

You are too large for most types of armour.
You have claws for hands.
Your metabolism is lightning-fast.
You like to eat raw meat.
Your natural rate of healing is unusually fast.
You are covered in fur. (AC +1)
You have extremely tough skin. (AC +3)
You tend to lose your temper in combat.
Scrolls take you a little longer to read.
You are clumsy. (Dex -2)
Your system is resistant to poisons. (rPois)


Message History

The ogre is lightly wounded.
You scratch the ogre.
The ogre is moderately wounded.
The ogre barely misses you.
You barely miss the ogre.
The ogre is moderately wounded.
You block the ogre's attack.
You scratch the ogre.
The ogre is heavily wounded.
The ogre hits you with the +5 dire flail of Severance {drain, SInv}!!
You feel drained.
* * * LOW HITPOINT WARNING * * *
Huge Dmg: -39%(-26hp) hp: 23%(15hp)
You scratch the ogre.
The ogre is almost dead.
The ogre barely misses you.
Your shield prevents you from hitting the ogre.
The ogre is almost dead.
The ogre hits you with the +5 dire flail of Severance {drain, SInv}!!
You die...

# #.# #...........##.# #
#.####.###.#........#####
#......# #.##.##.........
######.###.##.###########
#.....##.# ########.# #.#
##############.######
#.....©WO@..#..<....#
#..##.).##..##.####.# ###
#.#..#(#..#.#....##.# ..#
#.#..#(#..#.##...##.######
#.#
#..##...##..#.............
#.#
##©....?(.O..#>....#.######
..# ##############.....#.#
# #.#
#.....©.©.........##.# #
#.# ####.#....##.).......#
#


You could see an ogre and buki's ghost.

Vanquished Creatures
  Sigmund (D:2)
  An ogre (D:3)
  Ijyb (D:3)
  Terence (D:3)
  Jessica (D:3)
  An orc wizard (D:3)
  Natasha (thrice) (D:2)
  6 adders
  An ooze (D:1)
  5 worms
  7 dart slugs
  5 leopard geckos
  6 orcs (D:3)
  10 bats
  4 giant cockroaches
  7 goblins
  2 hobgoblins (D:3)
  6 kobolds
  A quokka (D:3)
  7 frilled lizards
  9 rats
85 creatures vanquished.

Notes
Turn   | Place    | Note
-------+----------+-------------------------------------------
     0 | D:1      | Lexodia the Troll Fighter began the quest for the Orb.
     0 | D:1      | Reached XP level 1. HP: 22/22 MP: 0/0
    71 | D:1      | Reached XP level 2. HP: 29/29 MP: 1/1
   234 | D:1      | Reached XP level 3. HP: 36/36 MP: 2/2
   935 | D:2      | Noticed Natasha
   939 | D:2      | Huge Dmg: 14 dmg
   943 | D:2      | Killed Natasha
   943 | D:2      | Reached XP level 4. HP: 27/44 MP: 3/3
  1013 | D:2      | Noticed Sigmund
  1019 | D:2      | Huge Dmg: 9 dmg
  1021 | D:2      | Huge Dmg: 9 dmg
  1027 | D:2      | Huge Dmg: 10 dmg
  1030 | D:2      | Huge Dmg: 5 dmg
  1030 | D:2      | Killed Sigmund
  1030 | D:2      | Reached skill level 1 in Stealth
  1030 | D:2      | Reached skill level 4 in Unarmed Combat
  1030 | D:2      | Reached XP level 5. HP: 22/53 MP: 4/4
  1152 | D:2      | Noticed a moth of wrath
  1155 | D:2      | Found a bloodstained altar of Trog.
  1401 | D:2      | Noticed Natasha
  1410 | D:2      | Killed Natasha
  1410 | D:2      | Reached XP level 6. HP: 41/61 MP: 5/5
  1475 | D:2      | Noticed Natasha
  1482 | D:2      | Killed Natasha
  1904 | D:3      | Found a hide-covered altar of Uskayaw.
  1912 | D:3      | Noticed Terence
  1937 | D:3      | Killed Terence
  1986 | D:3      | Reached skill level 5 in Unarmed Combat
  2121 | D:3      | Noticed Ijyb
  2124 | D:3      | Huge Dmg: 13 dmg
  2146 | D:3      | Huge Dmg: 14 dmg
  2147 | D:3      | Huge Dmg: 11 dmg
  2147 | D:3      | HP: 1/61 [Ijyb] (25)]
  2148 | D:3      | Huge Dmg: 25 dmg
  2168 | D:3      | Noticed Jessica
  2170 | D:3      | Gained mutation: You have large cloven feet. [potion of
                  | mutation]
  2170 | D:3      | Gained mutation: You are robust. (+10% HP) [potion of
                  | mutation]
  2180 | D:3      | Huge Dmg: 12 dmg
  2189 | D:3      | Killed Ijyb
  2190 | D:3      | Huge Dmg: 6 dmg
  2191 | D:3      | Killed Jessica
  2258 | D:3      | Found a burning altar of Makhleb.
  2259 | D:3      | Found an ancient bone altar of Kikubaaqudgha.
  2281 | D:3      | Lost mutation: You are robust. (+10% HP) [potion of
                  | mutation]
  2281 | D:3      | Lost mutation: You have large cloven feet. [potion of
                  | mutation]
  2281 | D:3      | Gained mutation: You tend to lose your temper in combat.
                  | [potion of mutation]
  2281 | D:3      | Gained mutation: You are clumsy. (Dex -2) [potion of
                  | mutation]
  2281 | D:3      | Gained mutation: Scrolls take you a little longer to read.
                  | [potion of mutation]
  2281 | D:3      | Gained mutation: Your system is resistant to poisons.
                  | (rPois) [potion of mutation]
  2483 | D:3      | Noticed buki's ghost (amateur OgWz)
  2485 | D:3      | Found a transporter.
  2486 | D:3      | Found a transporter.
  2492 | D:3      | Identified the +5 dire flail of Severance {drain, SInv}
  2713 | D:3      | Reached XP level 7. HP: 67/67 MP: 6/6
  2761 | D:3      | Huge Dmg: 14 dmg
  2768 | D:3      | Huge Dmg: 26 dmg
  2769 | D:3      | Slain by an ogre

Levels and vault maps discovered:
D:1:      dpeg_arrival_windows_large_door, layout_loops_ring,
          chequers_serial_rivers_marsh
D:2:      layout_basic, tgw_trog, wander_ebering_terrifying_dragon_lair,
          uniq_sigmund, uniq_natasha
D:3:      layout_loops_corners, overflow_temple_1_default,
          gammafunk_temple_overflow_pools, gammafunk_ghost_smash, uniq_jessica,
          uniq_terence, uniq_ijyb

Skill      XL: |  1  2  3  4  5  6 |
---------------+-------------------+-----
Fighting       | 3 |  3.1
Dodging        | 3 |  3.3
Stealth        | 1 |  1.3
Shields        | 3 |  3.3
Unarmed Combat | 4 5 |  5.7
Throwing       | |  0.2

Action                   |  1- 3 |  4- 6 |  7- 9 || total
-------------------------+-------+-------+-------++-------
Melee: Unarmed           |    60 |   178 |    13 ||   251
       Kick              |       |     8 |       ||     8
Throw: Dart              |       |     3 |     5 ||     8
       Stone             |       |     2 |       ||     2
  Use: Potion            |       |    10 |       ||    10
 Stab: Sleeping          |     3 |     4 |       ||     7
  Eat: Chunk             |     6 |    25 |       ||    31
Armor: Robe              |    17 |    39 |     1 ||    57
Dodge: Dodged            |    15 |    45 |     6 ||    66
Block: Shield            |     9 |    77 |     6 ||    92

Table legend:
 A = Non-vault XP
 B = Vault XP
 C = Vault XP percentage of total XP
 D = Non-vault monster count
 E = Vault monster count
 F = Vault count percentage of total count
                 A         B        C        D         E       F
            +---------+---------+-------+---------+---------+-------
      Total |     331 |     518 |  61.0 |      73 |      12 |  14.1
            +---------+---------+-------+---------+---------+-------
        D:1 |      59 |       0 |   0.0 |      24 |       0 |   0.0
        D:2 |     124 |     289 |  70.0 |      16 |       8 |  33.3
        D:3 |     148 |     229 |  60.7 |      33 |       4 |  10.8
            +---------+---------+-------+---------+---------+-------
